 Dungeon Crawl Stone Soup version 0.30-a0-860-g512cf1e (webtiles) character file.

Game seed: 12837158257363553110

91 Nithhogg the Trooper (level 4, -2/41 HPs)
             Began as a Hill Orc Fighter on Mar 7, 2023.
             Killed by divine providence
             ... invoked by an orc priest
              (15 damage)
             ... on level 3 of the Dungeon.
             The game lasted 00:02:54 (1688 turns).

Nithhogg the Trooper (Hill Orc Fighter)             Turns: 1688, Time: 00:02:54

Health: -2/41      AC:  7    Str: 20    XL:     4   Next: 57%
Magic:  4/4        EV:  9    Int:  8    God:
Gold:   102        SH:  0    Dex: 10    Spells: 3/3 levels left

rFire   . . .      SeeInvis .    a - +0 war axe
rCold   . . .      Faith    .    (no shield)
rNeg    . . .      Spirit   .    b - +0 scale mail
rPois   .          Reflect  .    (no helmet)
rElec   .          Rampage  .    (no cloak)
rCorr   .                        (no gloves)
Will    .....                    (no boots) Stlth
                                 (no amulet)
HPRegen 0.26/turn                (no ring)
MPRegen 0.09/turn                (no ring)

@: no status effects
A: no striking features
a: Convert to Beogh


You were on level 3 of the Dungeon.
You visited 1 branch of the dungeon, and saw 4 of its levels.

You collected 102 gold pieces.

Inventory:

Hand Weapons
 a - a +0 war axe (weapon)
Missiles
 k - 2 throwing nets (quivered)
Armour
 b - a +0 scale mail (worn)
 c - a +0 buckler
Wands
 l - a wand of iceblast (4)
Scrolls
 g - a scroll of noise {unknown}
 h - 3 scrolls of magic mapping {unknown}
Potions
 d - a potion of might
 e - a potion of heal wounds {unknown}
 f - a potion of curing {unknown}
 i - a potion of attraction {unknown}
 j - a potion of flight {unknown}


   Skills:
 + Level 4.6 Fighting
 + Level 4.1 Axes
 + Level 4.2 Armour
 - Level 3.2 Shields


You had 3 spell levels left.
You didn't know any spells.
Your spell library contained the following spells:

 Spells                   Type           Power      Damage    Failure   Level
 Beastly Appendage        Tmut           0%         N/A       75%         1
 Sting                    Tmut/Pois      0%         1d3       75%         1
 Alistair's Intoxication  Tmut/Pois      0%         N/A       100%        5
 Freezing Cloud           Conj/Ice/Air   0%         6-21      100%        5
 Irradiate                Conj/Tmut      0%         3d11      100%        5
 Simulacrum               Ice/Necr       0%         N/A       100%        6
 Polar Vortex             Ice            0%         N/A       100%        9


Dungeon Overview and Level Annotations

Branches:
Dungeon (4/15)
 Temple: D:4-7

Altars:

Annotations:
D:3 1 transporter


Message History

Done waiting.
You start waiting.
The shadow imp lashes its tail.
The shadow imp shouts, "Quit, thou bumbling pigeon-egg dandiprat!"
The shadow imp grins evilly. x2
You open the door.
The orc priest mumbles some strange prayers to Beogh against you.
Beogh smites you!
There is an open door here.
You swing at nothing.
Okay, then.
You close the door.
You start resting.
The orc priest sings a few bars from the Orcish anthem.
The shadow imp shouts, "Crawl home, thou clouted hell-hated canker-blossom!"
The hobgoblin shouts!
HP restored.
You open the door.
There is an open door here.
The orc priest mumbles some strange prayers to Beogh against you.
Beogh smites you!
You see here a scroll labelled XOFOUMI APAT.
You see here a scroll labelled XOFOUMI APAT.
h - 3 scrolls labelled XOFOUMI APAT (gained 1)
The orc priest mumbles some strange prayers to Beogh against you.
You barely resist. The shadow imp gestures at you.
Pain shoots through your body!
The orc priest threatens, "By the altar or by the axe, you will meet Beogh!"
You slash the plant!
The plant begins to die.
The plant is lightly damaged.
The shadow imp gestures at you. Pain shoots through your body!
You slash the plant!
The plant is lightly damaged.
The shadow imp laughs crazily.
The orc priest suddenly cheers.
A nearby plant withers and dies.
The orc priest calls down the wrath of Beogh upon you.
Beogh smites you!
You die...

####.....#..#>#.##...#.)
##.#.....#<......##.# ..#
#.#.#.####<..)...#.# #.#
#..........g.......#
#.###.###############..#
#.##..#8~#.....5o#P8#..####
#.....#P.#≈≈≈≈≈≈≈#.P#.....#.#
#.##).#$.#..~~~..#..#........
#.#..©#©?+..~⌠~.@'.©#©.......
#.....#$.#..~P~..#..#........
#.###.#P.#≈≈≈≈≈≈≈#.P#.......#
..# #.#8~#.....o5#P8#.......#
### #.###############.#...#.#
#.................#####.#
###..############# ...


You could see 2 orc priests, 2 shadow imps and a hobgoblin.

Vanquished Creatures
  3 gnolls (D:2)
  2 adders (D:2)
  A dart slug (D:1)
  3 ball pythons
  4 endoplasms
  5 giant cockroaches
  3 goblins
  4 hobgoblins
  4 jackals (D:2)
  A quokka (D:1)
  4 kobolds
  3 rats (D:1)
37 creatures vanquished.

Vanquished Creatures (others)
  A plant (D:3)
1 creature vanquished.

Grand Total: 38 creatures vanquished

Notes
Turn   | Place    | Note
-------+----------+-------------------------------------------
     0 | D:1      | Nithhogg the Hill Orc Fighter began the quest for the Orb.
     0 | D:1      | Reached XP level 1. HP: 19/19 MP: 1/1
   139 | D:1      | Reached XP level 2. HP: 27/27 MP: 2/2
   660 | D:2      | Reached XP level 3. HP: 33/33 MP: 3/3
  1056 | D:2      | Found a faded altar of an unknown god.
  1137 | D:2      | Reached XP level 4. HP: 32/41 MP: 4/4
  1330 | D:3      | Got the Reference Book on Forms
  1335 | D:3      | Found a transporter.
  1371 | D:3      | Found a transporter.
  1688 | D:3      | Killed from afar by an orc priest

Illustrated notes

Levels and vault maps discovered:
D:1:      dpeg_arrival_simpleton_a, layout_rooms, minmay_misc_feat_more_columns,
          minivault_19, minmay_misc_feat_encased, wad_floor_pattern_untrapped,
          st_stairs_11, minmay_door_square, minmay_misc_feat_nine_boxes
D:2:      layout_basic, chequers_ecumenical_altar_island,
          chequers_serial_rivers_marsh
D:3:      gammafunk_wand_slinger, layout_loops_ring
D:4:      layout_loops_cross, serial_shops, nicolae_lakefront_shop,
          minmay_surrounded, uniq_menkaure, uniq_eustachio, uniq_sigmund

Skill      XL: |  1  2  3  4 |
---------------+-------------+-----
Axes           | 3 4 |  4.1
Fighting       | 4 |  4.6
Armour         | 4 |  4.2
Shields        | |  3.2

Action                     |  1- 3 |  4- 6 || total
---------------------------+-------+-------++-------
  Melee: War axe           |    89 |    21 ||   110
         Punch             |       |     1 ||     1
 Armour: Scale mail        |    59 |     9 ||    68
  Dodge: Dodged            |    49 |     9 ||    58

Table legend: (Time is in decaauts)
 A = Elapsed time spent in this place.
 B = Non-inter-level travel time spent in this place.
 C = Inter-level travel time spent in this place.
 D = Time resting spent in this place.
 E = Time spent auto-exploring this place.
 F = Levels seen in this place.
 G = Mean time per level.
                   A        B        C        D        E       F      G
               +--------+--------+--------+--------+--------+-----+--------+
         Total |   1730 |   1677 |     53 |    258 |   1115 |   4 |  432.5 |
       Dungeon |   1730 |   1677 |     53 |    258 |   1115 |   4 |  432.5 |
               +--------+--------+--------+--------+--------+-----+--------+

Top non-repeatable levels by time:
     D:2: 685 daAuts
     D:1: 672 daAuts
     D:3: 370 daAuts
     D:4: 1 daAuts
